 Dungeon Crawl Stone Soup version 0.21.1-1-g345015fe64 (console) character file.

15381 Kloppie the Grappler (level 12, -4/190 HPs)
             Began as a Troll Berserker on May 2, 2018.
             Was a High Priest of Trog.
             Slain by an 11-headed hydra (11 damage)
             ... on level 2 of the Lair of Beasts.
             The game lasted 00:14:42 (9045 turns).

Kloppie the Grappler (Troll Berserker)              Turns: 9045, Time: 00:14:42

Health: -4/190     AC:  7    Str: 33    XL:     12   Next: 0%
Magic:  0/11       EV: 13    Int:  3    God:    Trog [*****.]
Gold:   572        SH:  0    Dex: 13    Spells: 11/11 levels left

rFire    . . .     SeeInvis .     - Unarmed
rCold    . . .     Gourm    +   (no shield)
rNeg     + + .     Faith    .   a - +0 animal skin
rPois    +         Spirit   +   x - +2 hat of the Bear Spirit {Spirit, +Rage rN+ MR++}
rElec    .         Reflect  .   (no cloak)
rCorr    .         Harm     .   (gloves unavailable)
MR       ++...                  (boots unavailable)
Stlth    ..........             (no amulet)
HPRegen  0.81/turn              h - ring of positive energy
MPRegen  0.12/turn              u - ring of poison resistance

@: berserking, lethally poisoned (-4 -> -4), very quick
A: large, unfitting armour, claws 3, fast metabolism 3, gourmand, regeneration
1, shaggy fur 1, tough skin 2
a: Berserk, Trog's Hand, Brothers in Arms, Burn Spellbooks, Renounce Religion,
Evoke Berserk Rage


You were on level 2 of the Lair of Beasts.
You worshipped Trog.
Trog was extremely pleased with you.
You were very full.

You visited 2 branches of the dungeon, and saw 12 of its levels.

You collected 572 gold pieces.

Inventory:

Hand Weapons
 A - a +0 giant spiked club
Missiles
 w - 5 large rocks (quivered)
Armour
 a - a +0 animal skin (worn)
 x - the +2 hat of the Bear Spirit (worn) {Spirit, +Rage rN+ MR++}
   (You found it on level 7 of the Dungeon)

   It protects you from negative energy.
   It affects your resistance to hostile enchantments.
   It lets you go berserk.
Jewellery
 h - a ring of positive energy (left claw)
 q - an uncursed amulet of rage
 u - a ring of poison resistance (right claw)
 y - an uncursed ring of stealth
Wands
 c - a wand of acid (7)
 d - a wand of polymorph (19)
 p - a wand of iceblast (21)
 z - a wand of disintegration (5)
 B - a wand of flame (36)
 E - a wand of enslavement (12)
Scrolls
 g - 3 scrolls of remove curse
 k - a scroll of fog
 m - 2 scrolls of teleportation
 t - 5 scrolls of enchant weapon
 D - a scroll of magic mapping
Potions
 e - 4 potions of haste
 f - 4 potions of curing
 i - 2 potions of resistance
 j - 2 potions of might
 l - a potion of flight
 n - a potion of brilliance
 o - a potion of agility
 r - 3 potions of magic {unknown}
 s - 2 potions of mutation {unknown}
 v - a potion of cancellation {unknown}
Comestibles
 b - 20 rations
 C - 5 chunks of flesh


   Skills:
 + Level 10.4 Fighting
 - Level 7.3 Dodging
 - Level 13.2 Unarmed Combat


You had 11 spell levels left.
You didn't know any spells.

Dungeon Overview and Level Annotations

Branches:
Dungeon (10/15)            Temple (0/1) D:4            Lair (2/6) D:10
  Snake (0/4) Lair:2          Orc (0/2) D:10
  Swamp: Lair:2-4    Shoals: Lair:2-4

Altars:
Ashenzari
Cheibriados
Dithmenos
Okawaru
Qazlal
Trog
Wu Jian
Yredelemnul
Zin
The Shining One


Innate Abilities, Weirdness & Mutations

You are too large for most types of armour.
You have claws for hands.
Your metabolism is lightning-fast.
You like to eat raw meat.
Your natural rate of healing is unusually fast.
You are covered in fur. (AC +1)
You have very tough skin. (AC +2)


Message History

* * * LOW HITPOINT WARNING * * *
The 11-headed hydra bites you.
* * * LOW HITPOINT WARNING * * *
The 11-headed hydra closely misses you.
The 11-headed hydra bites you but does no damage. x2
The 11-headed hydra bites you!
* * * LOW HITPOINT WARNING * * *
The 11-headed hydra bites you.
* * * LOW HITPOINT WARNING * * *
The 11-headed hydra closely misses you. The 11-headed hydra bites you.
* * * LOW HITPOINT WARNING * * *
The 11-headed hydra barely misses you.
A red film seems to cover your vision as you go berserk!
You feel yourself moving faster!
You feel mighty!
You feel a lot less full.
You feel sick. The 11-headed hydra bites you.
* * * LOW HITPOINT WARNING * * *
The 11-headed hydra bites you.
* * * LOW HITPOINT WARNING * * *
The 11-headed hydra bites you!
You die...

##### # #
##############.#.########
#..#P#...##.##.#..##..P.#.#.#.
..............................
.............†................
..#.........D@....##.#....#...
......[...........#######.#...
..#.......[......## ##....
...........####..# #P...
..#.....#..# #..# #....
P.......#..# ##.# #....
.#.......## .# ##... .. .#
#... #...


You could see a 11-headed hydra.

Vanquished Creatures
  2 two-headed ogres
  A black mamba (Lair:1)
  4 spiny frogs
  A rime drake (Lair:1)
  A merfolk (D:10)
  2 hippogriffs
  A wraith (D:10)
  28 yaks
  A hungry ghost (D:10)
  A basilisk (D:10)
  The ghost of Dickchan the Ruffian, an amateur DrTm (D:4)
  Menkaure (D:4)
  A naga (Lair:2)
  Edmund (D:4)
  2 water moccasins (Lair:1)
  6 porcupines
  3 sky beasts
  A necrophage (D:10)
  A phantom (D:8)
  An orc warrior (D:10)
  5 ice beasts
  7 ogres
  4 centaurs
  13 crocodiles
  8 bullfrogs
  A wyvern skeleton (D:9)
  2 scorpions
  14 killer bees
  A howler monkey (D:7)
  3 crimson imps
  A bullfrog zombie (D:7)
  3 jellies
  A quasit (D:9)
  4 hounds
  3 iguanas
  8 orc priests
  A bullfrog skeleton (D:5)
  Ijyb (D:3)
  Natasha (twice) (D:3)
  10 orc wizards
  4 worker ants
  A hound zombie (D:5)
  2 hound skeletons
  4 gnolls (D:5)
  A howler monkey skeleton (D:4)
  12 adders
  4 shadow imps
  An adder zombie (D:9)
  2 worms
  2 leopard geckos (D:3)
  47 orcs
  7 giant cockroaches
  11 goblins
  8 hobgoblins
  9 jackals
  2 quokkas
  A ball python (D:2)
  9 bats
  5 frilled lizards
  9 kobolds
  2 quokka skeletons
  4 rats
  A plant (D:10)
300 creatures vanquished.

Vanquished Creatures (collateral kills)
  A hydra (Lair:1)
  A water moccasin (Lair:2)
  A bullfrog (Lair:2)
3 creatures vanquished.

Vanquished Creatures (others)
  2 fungi
  A plant (D:10)
3 creatures vanquished.

Grand Total: 306 creatures vanquished

Notes
Turn   | Place    | Note
-------+----------+-------------------------------------------
     0 | D:1      | Kloppie the Troll Berserker began the quest for the Orb.
     0 | D:1      | Reached XP level 1. HP: 22/22 MP: 0/0
     9 | D:1      | Noticed a bullfrog
    91 | D:1      | Reached XP level 2. HP: 22/29 MP: 1/1
   503 | D:1      | Reached XP level 3. HP: 36/37 MP: 2/2
   861 | D:2      | Reached skill level 4 in Unarmed Combat
   865 | D:2      | Reached ** piety under Trog
   966 | D:2      | Reached XP level 4. HP: 33/45 MP: 3/3
  1256 | D:3      | Noticed Natasha
  1258 | D:3      | Killed Natasha
  1340 | D:3      | Reached XP level 5. HP: 54/54 MP: 4/4
  1353 | D:3      | Reached skill level 5 in Unarmed Combat
  1526 | D:3      | Noticed Ijyb
  1534 | D:3      | Killed Ijyb
  1638 | D:3      | Noticed a centaur
  1645 | D:3      | Killed a centaur
  1645 | D:3      | Reached XP level 6. HP: 62/63 MP: 5/5
  1689 | D:3      | Noticed Natasha
  1693 | D:3      | Killed Natasha
  1882 | D:3      | Reached *** piety under Trog
  2028 | D:4      | Noticed Dickchan's ghost (amateur DrTm)
  2037 | D:4      | Killed Dickchan's ghost
  2037 | D:4      | Reached skill level 5 in Fighting
  2037 | D:4      | Reached skill level 6 in Unarmed Combat
  2037 | D:4      | Reached XP level 7. HP: 72/72 MP: 6/6
  2075 | D:4      | Noticed Menkaure
  2081 | D:4      | Killed Menkaure
  2215 | D:4      | Noticed Edmund
  2232 | D:4      | Killed Edmund
  2300 | D:4      | Found a staircase to the Ecumenical Temple.
  2764 | D:4      | Reached skill level 7 in Unarmed Combat
  2776 | D:5      | Entered Level 5 of the Dungeon
  2898 | D:5      | Found a glowing golden altar of the Shining One.
  2906 | D:5      | Reached XP level 8. HP: 83/83 MP: 7/7
  2926 | D:5      | Found a bloodstained altar of Trog.
  2927 | D:5      | Found a shadowy altar of Dithmenos.
  2929 | D:5      | Found a snail-covered altar of Cheibriados.
  2929 | D:5      | Found an ornate altar of the Wu Jian Council.
  2931 | D:5      | Found a basalt altar of Yredelemnul.
  2932 | D:5      | Found an iron altar of Okawaru.
  3321 | D:6      | Reached skill level 8 in Unarmed Combat
  3329 | D:6      | Reached **** piety under Trog
  3870 | D:6      | Found a shattered altar of Ashenzari.
  3874 | D:6      | Saw a vision of the Shoals and the Snake Pit.
  3874 | D:6      | Noticed a naga ritualist
  3874 | D:6      | Noticed a black mamba
  3874 | D:6      | Noticed a mana viper
  3874 | D:6      | Noticed a salamander
  3874 | D:6      | Noticed a merfolk
  3874 | D:6      | Noticed a merfolk siren
  3875 | D:6      | Noticed a merfolk siren
  3876 | D:6      | Noticed a merfolk siren
  3876 | D:6      | Noticed a merfolk
  3877 | D:6      | Noticed a guardian serpent
  4066 | D:7      | Found the +2 hat of the Bear Spirit {Spirit, +Rage rN+ MR++}
  4385 | D:7      | Reached XP level 9. HP: 93/93 MP: 8/8
  4440 | D:7      | Reached skill level 9 in Unarmed Combat
  4673 | D:7      | You fall through a shaft!
  5570 | D:8      | Reached skill level 10 in Unarmed Combat
  5938 | D:9      | Reached ***** piety under Trog
  6007 | D:9      | Received a gift from Trog
  6213 | D:9      | Noticed a two-headed ogre
  6217 | D:9      | HP: 4/96 [bullfrog (3)]
  6440 | D:9      | Killed a two-headed ogre
  6440 | D:9      | Reached skill level 5 in Dodging
  6440 | D:9      | Reached XP level 10. HP: 72/104 MP: 7/9
  6688 | D:9      | Found a glowing silver altar of Zin.
  6846 | D:10     | Entered Level 10 of the Dungeon
  6881 | D:10     | Found a stormy altar of Qazlal.
  6888 | D:10     | Reached skill level 11 in Unarmed Combat
  6944 | D:10     | Found a staircase to the Lair.
  7295 | D:10     | Reached skill level 12 in Unarmed Combat
  7340 | D:10     | Reached XP level 11. HP: 101/111 MP: 8/10
  7491 | D:10     | Found a staircase to the Orcish Mines.
  7594 | D:10     | Noticed a two-headed ogre
  7600 | D:10     | Killed a two-headed ogre
  7749 | Lair:1   | Entered Level 1 of the Lair of Beasts
  8143 | Lair:1   | Reached skill level 13 in Unarmed Combat
  8379 | Lair:1   | Noticed an eight-headed hydra
  8385 | Lair:1   | Killed an eight-headed hydra
  8805 | Lair:2   | Received a gift from Trog
  8809 | Lair:2   | Reached skill level 10 in Fighting
  8910 | Lair:2   | Found a staircase to the Snake Pit.
  9024 | Lair:2   | Noticed an eight-headed hydra
  9038 | Lair:2   | Reached XP level 12. HP: 109/127 MP: 9/11
  9045 | Lair:2   | HP: 7/190 [11-headed hydra (4)]
  9045 | Lair:2   | Slain by an 11-headed hydra

Skill      XL: |  1  2  3  4  5  6  7  8  9 10 11 |
---------------+----------------------------------+-----
Fighting       | 3 4 5 6 7 8 10 | 10.4
Unarmed Combat | 4 5 6 7 8 10 12 13 | 13.2
Dodging        | 5 7 |  7.3

Action                   |  1- 3 |  4- 6 |  7- 9 | 10-12 || total
-------------------------+-------+-------+-------+-------++-------
Melee: Unarmed           |   112 |    87 |   360 |   321 ||   880
       Punch             |     1 |     3 |    23 |    35 ||    62
Invok: Trog's Hand       |       |     2 |     3 |     3 ||     8
       Berserk           |       |     1 |     5 |     1 ||     7
       Brothers in Arms  |       |       |       |     2 ||     2
  Use: Scroll            |       |     8 |     6 |     8 ||    22
       Potion            |       |       |     1 |       ||     1
 Stab: Sleeping          |     1 |       |       |     1 ||     2
       Distracted        |       |       |       |     1 ||     1
  Eat: Chunk             |    14 |    10 |    46 |    35 ||   105
Armor: Animal skin       |    40 |    30 |   133 |    34 ||   237
       Skin              |       |     3 |       |       ||     3
Dodge: Dodged            |    74 |    27 |   222 |   133 ||   456
